 Dungeon Crawl Stone Soup version 0.23.2-40-g277498a001 (webtiles) character file.

Game seed: 6016403921770636786

130 Kikorro the Shield-Bearer (level 4, -2/40 HPs)
             Began as a Minotaur Fighter on Sept 14, 2019.
             Was an Initiate of Makhleb.
             Slain by Sigmund
             ... wielding a +0 scythe
              (12 damage)
             ... on level 3 of the Dungeon.
             The game lasted 00:06:21 (1900 turns).

Kikorro the Shield-Bearer (Minotaur Fighter)        Turns: 1900, Time: 00:06:22

Health: -2/40      AC:  7    Str: 22    XL:     4   Next: 90%
Magic:  3/3        EV:  8    Int:  5    God:    Makhleb [......]
Gold:   136        SH: 10    Dex:  9    Spells: 3/3 levels left

rFire    . . .     SeeInvis .   a - +0 flail
rCold    . . .     Gourm    .   c - +0 shield
rNeg     . . .     Faith    .   b - +0 scale mail
rPois    .         Spirit   .   (helmet restricted)
rElec    .         Reflect  .   (no cloak)
rCorr    .         Harm     .   (no gloves)
MR       .....                  (no boots)
Stlth    ..........             (no amulet)
HPRegen  0.13/turn              (no ring)
MPRegen  0.08/turn              (no ring)

@: no status effects
A: retaliatory headbutt, horns 2
a: Renounce Religion


You were on level 3 of the Dungeon.
You worshipped Makhleb.
Makhleb was noncommittal.
You were hungry.

You visited 1 branch of the dungeon, and saw 3 of its levels.

You collected 136 gold pieces.

Inventory:

Hand Weapons
 a - a +0 flail (weapon)
Armour
 b - a +0 scale mail (worn)
 c - a +0 shield (worn)
Scrolls
 e - a scroll of fog
 h - a scroll of immolation {unknown}
 k - 3 scrolls of remove curse
 l - a scroll of teleportation {unknown}
 p - 2 scrolls of enchant armour {unknown}
 s - a scroll of blinking {unknown}
Potions
 d - 2 potions of might
 i - a potion of ambrosia
 j - 2 potions of curing
 m - a potion of heal wounds {unknown}
 n - 2 potions of lignification
 o - a potion of resistance {unknown}
 r - a potion of mutation {unknown}
Comestibles
 f - 2 rations
 q - 6 chunks of flesh


   Skills:
 + Level 3.9 Fighting
 + Level 3.8 Maces & Flails
 + Level 4.4 Armour
 + Level 0.9 Dodging
 + Level 0.2 Stealth
 + Level 5.0 Shields


You had 3 spell levels left.
You didn't know any spells.
Your spell library was empty.

Dungeon Overview and Level Annotations

Branches:
Dungeon (3/15)

Altars:
Dithmenos
Makhleb

Annotations:
D:3 Sigmund


Innate Abilities, Weirdness & Mutations

You reflexively headbutt those who attack you in melee.
You have a pair of horns on your head.


Message History

The orc priest hits you but does no damage.
Something hits you!
You hit the orc priest but do no damage.
The orc priest is almost dead.
The orc priest hits you but does no damage.
You completely miss the orc priest. You headbutt the orc priest.
You kill the orc priest!
Makhleb accepts your kill.
Your Shields skill increases to level 5!
You hear some strange, mumbled words.
A puff of flame appears from out of thin air!
The puff of flame misses you. Something hits you.
Things that are here:
a +0 falchion; a +0 leather armour You are feeling hungry.
You barely miss something. You headbutt something! Something hits you!
You barely miss something. You headbutt something! Something hits you!
* * * LOW HITPOINT WARNING * * *
You barely miss something. Something hits you!
You die...

#####@###.#...#...)..#.....#####.
####.o....###.##.##..#...#.#.....
o÷....##### #.#<.##..#####.#.####
.o#...# #.#.###........#.#
..#...# #.#.# #.########.#
..#...# #.#.# #.########.#
..#...# #.#.# #<.........#
..#...# #.#.#################
####..# #..{@...............#
#..#########.##############.##
#)........÷#.#...........##.#
##........÷..#.#########.##.#
#############.# #.##.# #.# #.##.#
#.# #.##.# #.# #=##.# ### #.##.#


There were no monsters in sight!

Vanquished Creatures
  An orc priest (D:3)
  3 adders
  3 worms
  A dart slug (D:2)
  5 orcs
  A giant cockroach (D:1)
  5 goblins
  4 hobgoblins
  8 jackals
  9 kobolds
  A quokka (D:2)
  7 bats
  4 frilled lizards
  6 rats
58 creatures vanquished.

Notes
Turn   | Place    | Note
-------+----------+-------------------------------------------
     0 | D:1      | Kikorro the Minotaur Fighter began the quest for the Orb.
     0 | D:1      | Reached XP level 1. HP: 19/19 MP: 0/0
   102 | D:1      | Reached XP level 2. HP: 18/27 MP: 1/1
   307 | D:1      | Reached skill level 4 in Shields
   761 | D:2      | Reached XP level 3. HP: 31/33 MP: 2/2
  1290 | D:2      | Found a shadowy altar of Dithmenos.
  1291 | D:2      | Found a burning altar of Makhleb.
  1302 | D:2      | Became a worshipper of Makhleb the Destroyer
  1418 | D:3      | Reached XP level 4. HP: 39/40 MP: 3/3
  1535 | D:3      | Noticed Sigmund
  1896 | D:3      | Reached skill level 5 in Shields
  1900 | D:3      | Slain by Sigmund

Skill      XL: |  1  2  3  4 |
---------------+-------------+-----
Shields        | 4 5 |  5.0
Armour         | 4 |  4.4
Maces & Flails | 3 |  3.8
Fighting       | |  3.9
Dodging        | |  0.9
Stealth        | |  0.2

Action                   |  1- 3 |  4- 6 || total
-------------------------+-------+-------++-------
Melee: Flail             |    87 |    12 ||    99
       Headbutt          |    14 |    12 ||    26
       Mace              |    37 |    46 ||    83
  Use: Scroll            |     5 |     1 ||     6
  Eat: Chunk             |     2 |     1 ||     3
Armor: Scale mail        |    59 |    17 ||    76
Dodge: Dodged            |    40 |    10 ||    50
Block: Shield            |    78 |    29 ||   107
